 Dungeon Crawl Stone Soup version 0.31.0-11-ge490571c62 (webtiles) character file.

Game seed: 13443159552937130220

111 qw the Skirmisher (level 4, 0/25 HPs)
             Began as a Deep Elf Hunter on Feb 3, 2024.
             Slain by a bullfrog (7 damage)
             ... on level 4 of the Dungeon.
             The game lasted 00:00:07 (1781 turns).

qw the Skirmisher (Deep Elf Hunter)                 Turns: 1781, Time: 00:00:07

Health: 0/25       AC:  6    Str: 10    XL:     4   Next: 62%
Magic:  6/6        EV: 11    Int: 14    God:
Gold:   138        SH:  0    Dex: 18    Spells: 3/3 levels left

rFire   . . .        a - +1 shortbow (flame)
rCold   . . .        (shield currently unavailable)
rNeg    . . .        k - +0 ring mail
rPois   .            (no helmet)
rElec   .            (no cloak)
rCorr   .            (no gloves)
SInv    .            e - +0 pair of boots
Will    .....        (no amulet)
Stlth   +            (no ring)
HPRegen 0.24/turn    (no ring)
MPRegen 0.10/turn

%: no passive effects
@: no status effects
A: no striking features
a: no special abilities


You were on level 4 of the Dungeon.
You visited 1 branch of the dungeon, and saw 4 of its levels.

You collected 138 gold pieces.


   Skills:
 - Level 1.5 Fighting
 + Level 8.0 Ranged Weapons
 - Level 2.4 Dodging
 - Level 1.2 Stealth


You had 3 spell levels left.
You didn't know any spells.
Your spell library was empty.

Inventory:

Hand Weapons
 a - a +1 shortbow of flaming (weapon)
Armour
 e - a +0 pair of boots (worn)
 k - a +0 ring mail (worn)
Potions
 f - 3 potions of might
 g - a potion of curing
 j - a potion of cancellation {unknown}

Dungeon Overview and Level Annotations

Branches:
Dungeon (4/15)
 Temple: D:4-7

Altars:
Fedhas
Zin
The Shining One


Message History

Done exploring.
1752 ||| DROPPING +6 ring of intelligence.
You drop a +6 ring of intelligence.
Done exploring.
1753 ||| READING scroll of identify.
1753 ||| IDENTIFYING clear potion
As you read the scroll of identify, it crumbles to dust.
b - a potion of attraction Done exploring.
1754 ||| DROPPING potion of attraction.
You drop a potion of attraction.
Done exploring.
What level of the Dungeon? (default 3, ? - help)
There is an open door here.
There is a stone staircase leading down here.
You climb downwards.
The kobold shouts!
You hear a loud, deep croak!
Found a potion of attraction.
There is a stone staircase leading up here.
A kobold is nearby!
Waypoint 3 assigned to D:4.
You shoot an arrow. The arrow hits the kobold.
The arrow burns the kobold.
You kill the kobold!
A bullfrog comes into view.
The bullfrog croaks.
The bullfrog misses you.
You shoot an arrow. The arrow barely misses the bullfrog.
The bullfrog hits you.
You shoot an arrow. The arrow misses the bullfrog.
The bullfrog hits you.
The bullfrog releases a deep croak.
The bullfrog hits you.
You shoot an arrow. The arrow closely misses the bullfrog.
The bullfrog hits you. The bullfrog closely misses you.
You shoot an arrow. The arrow closely misses the bullfrog.
The bullfrog hits you but does no damage.
The bullfrog barely misses you.
You shoot an arrow. The arrow hits the bullfrog.
The arrow burns the bullfrog.
The bullfrog is lightly wounded.
The bullfrog hits you!
You die...

##+# #... #..#
.. #..## #.#
##...####.
##...#.........
......F.)...#
#@!#####.
#<.......
#########


You could see a bullfrog.

Vanquished Creatures
  A bombardier beetle (D:3)
  An adder (D:3)
  6 dart slugs
  2 ribbon worms (D:2)
  A ball python (D:1)
  4 bats
  6 endoplasms
  A giant cockroach (D:1)
  5 goblins
  9 hobgoblins
  4 quokkas
  2 frilled lizards
  4 kobolds
  6 rats
  A spectral kobold (D:1)
53 creatures vanquished.

Notes
Turn   | Place    | Note
-------+----------+-------------------------------------------
     0 | D:1      | qw the Deep Elf Hunter began the quest for the Orb.
     0 | D:1      | Reached XP level 1. HP: 12/12 MP: 3/3
     0 | D:1      | 0 ||| qw: Version: 0.3-a-158-g18b3111
     0 | D:1      | 0 ||| qw: Game counter: 4135
     0 | D:1      | 0 ||| qw: Melee chars always use a shield: true
     0 | D:1      | 0 ||| qw: God list: Okawaru
     0 | D:1      | 0 ||| qw: Allow faded altars: false
     0 | D:1      | 0 ||| qw: Do Orc after clearing Dungeon:15 true
     0 | D:1      | 0 ||| qw: Do second Lair branch before Depths: true
     0 | D:1      | 0 ||| qw: Lair rune preference: random
     0 | D:1      | 0 ||| qw: Goals: Normal
     0 | D:1      | 0 ||| PLANNING D:1-11
    71 | D:1      | Found a faded altar of an unknown god.
   136 | D:1      | Reached skill level 6 in Ranged Weapons
   136 | D:1      | Reached XP level 2. HP: 16/16 MP: 4/4
   283 | D:1      | Reached XP level 3. HP: 17/20 MP: 5/5
   590 | D:1      | 590 ||| READING scroll labelled NOUGGI GAZUP.
   595 | D:1      | 595 ||| READING scroll labelled QEORGHO AN SUOL.
   595 | D:1      | 595 ||| ENCHANTING +0 shortbow.
   596 | D:1      | 596 ||| READING scroll labelled UTAMUS HINU.
   597 | D:1      | 597 ||| READING 3 scrolls labelled VOIPONGIMP.
   597 | D:1      | 597 ||| IDENTIFYING ruby potion
   598 | D:1      | 598 ||| READING 2 scrolls of identify.
   598 | D:1      | 598 ||| IDENTIFYING 2 fizzy clear potions
   599 | D:1      | 599 ||| READING scroll of identify.
   599 | D:1      | 599 ||| IDENTIFYING scroll labelled UZITTU LEBUKK
   600 | D:1      | 600 ||| READING scroll of brand weapon.
   600 | D:1      | 600 ||| BRANDING +1 shortbow.
   601 | D:1      | 601 ||| READING scroll labelled CESA GATAUC.
   602 | D:1      | 602 ||| READING scroll labelled NOOFEA GOST.
   603 | D:1      | 603 ||| DROPPING scroll of butterflies.
   621 | D:2      | 621 ||| STAIRDANCE
   655 | D:2      | Reached skill level 7 in Ranged Weapons
   693 | D:2      | Found a glowing golden altar of the Shining One.
   697 | D:2      | Identified the +0 leather armour "Hirofuex" {Int+2}
   916 | D:2      | 916 ||| UPGRADING to +0 pair of boots.
   921 | D:2      | 921 ||| DROPPING +0 leather armour "Hirofuex" {Int+2}.
   922 | D:2      | 922 ||| UPGRADING to +0 ring mail.
   932 | D:2      | 932 ||| DROPPING +0 leather armour.
   933 | D:2      | 933 ||| DROPPING ring of wizardry.
   934 | D:2      | 934 ||| READING 2 scrolls labelled CIKYUD GEOT.
   935 | D:2      | 935 ||| DRINKING 2 fuming grey potions.
   936 | D:2      | 936 ||| DROPPING scroll of fog.
   937 | D:2      | 937 ||| DROPPING potion of brilliance.
   972 | D:3      | Reached XP level 4. HP: 25/25 MP: 6/6
  1033 | D:3      | Reached skill level 8 in Ranged Weapons
  1102 | D:3      | Found a glowing silver altar of Zin.
  1287 | D:3      | Found a blossoming altar of Fedhas.
  1752 | D:3      | 1752 ||| DROPPING +6 ring of intelligence.
  1753 | D:3      | 1753 ||| READING scroll of identify.
  1753 | D:3      | 1753 ||| IDENTIFYING clear potion
  1754 | D:3      | 1754 ||| DROPPING potion of attraction.
  1776 | D:4      | Noticed a bullfrog
  1781 | D:4      | Slain by a bullfrog

Levels and vault maps discovered:
D:1:      matt_arrival_spirals, layout_rooms,
          dreamdust_ecumenical_altar_drowned_temple, minmay_pentomino_s2
D:2:      layout_rooms, basic_altar
D:3:      layout_loops_corners, mainiacjoe_overflow_concentric_impassable,
          mainiacjoe_overflow_alcove_2
D:4:      layout_loops_corners, chequers_temple_overflow_statue_of_worship,
          serial_shops, nicolae_lakefront_shop

Skill      XL: |  1  2  3  4 |
---------------+-------------+-----
Ranged Weapons | 6 7 8 |  8.0
Fighting       | |  1.5
Dodging        | |  2.4
Stealth        | |  1.2

Action                     |  1- 3 |  4- 6 || total
---------------------------+-------+-------++-------
   Fire: Shortbow          |   113 |    21 ||   134
    Use: Scroll            |    10 |     1 ||    11
         Potion            |     1 |       ||     1
 Armour: Leather armour    |    16 |       ||    16
         Ring mail         |       |     9 ||     9
  Dodge: Dodged            |    12 |     8 ||    20

Table legend:
 A = Non-vault XP
 B = Vault XP
 C = Vault XP percentage of total XP
 D = Non-vault monster count
 E = Vault monster count
 F = Vault count percentage of total count
                 A         B        C        D         E       F
            +---------+---------+-------+---------+---------+-------
      Total |     158 |       1 |   0.6 |      52 |       1 |   1.9
            +---------+---------+-------+---------+---------+-------
        D:1 |      53 |       1 |   1.9 |      27 |       1 |   3.6
        D:2 |      40 |       0 |   0.0 |      17 |       0 |   0.0
        D:3 |      64 |       0 |   0.0 |       7 |       0 |   0.0
        D:4 |       1 |       0 |   0.0 |       1 |       0 |   0.0
            +---------+---------+-------+---------+---------+-------
